 Dungeon Crawl Stone Soup version 0.16-a0-3943-gb4b81e6 (webtiles) character file.

200 Impoz the Skirmisher (level 5, 0/44 HPs)
             Began as a Demonspawn Wanderer on Feb 8, 2015.
             Succumbed to poison (a potion of poison)
             ... on level 4 of the Dungeon.
             The game lasted 00:13:10 (2953 turns).

Impoz the Skirmisher (Demonspawn Wanderer)          Turns: 2953, Time: 00:13:10

Health: 0/44       AC:  6    Str: 22    XL:     5   Next: 49%
Magic:  4/4        EV: 16    Int: 12    God:
Gold:   145        SH:  0    Dex: 15    Spells: 0 memorised, 4 levels left

rFire  . . .     SeeInvis .     b - +0 falchion
rCold  . . .     Clarity  .     j - +0 scale mail
rNeg   . . .     SustAb   .     (no shield)
rPois  .         Gourm    .     (no helmet)
rElec  .         Spirit   .     (no cloak)
rCorr  .         Warding  .     (no gloves)
rMut   .         Stasis   .     (no boots)
MR     +....                    (no amulet)
Stlth  +.........               (no ring)
                                (no ring)

@: mighty, agile, lethally poisoned (0 -> -15), drained, somewhat resistant to
hostile enchantments, very unstealthy
A: talons 1, low mp 1, magic resistance 1, sense surroundings 1, powered by
death 1
a: no special abilities


You were on level 4 of the Dungeon.
You were very hungry.

You visited 1 branch of the dungeon, and saw 4 of its levels.

You collected 145 gold pieces.

Inventory:

Hand weapons
 b - a +0 falchion (weapon)
Missiles
 i - 9 poisoned needles
Armour
 a - a +2 leather armour
 j - a +0 scale mail (worn)
Scrolls
 f - 2 scrolls of identify
 g - a scroll of recharging
Potions
 h - a potion of might
Comestibles
 d - 2 bread rations
 l - 3 fruits
 o - a beef jerky


   Skills:
 + Level 5.3(5.1) Fighting
 + Level 4.0(3.8) Long Blades
 - Level 1.7(1.5) Throwing
 + Level 2.4(2.2) Dodging


You had 4 spell levels left.
You didn't know any spells.

Dungeon Overview and Level Annotations

Branches:
Dungeon (4/15)
 Temple: D:4-7

Altars:
Fedhas
Gozag
Nemelex Xobeh
Ru
Xom


Innate Abilities, Weirdness & Mutations

You have sharp toenails.
You can steal the life force of nearby defeated enemies.
Your magical capacity is low (-10% MP).
You are resistant to hostile enchantments.
You passively map a small area around you.


Message History

The scorpion misses you.
Drink which item? (? for menu, Esc to quit)
It was a potion of poison.
That liquid tasted very nasty...
You are lethally poisoned!
* * * LOW HITPOINT WARNING * * *
You feel sick. The scorpion barely misses you.
Drink which item? (? for menu, Esc to quit)
It was a potion of agility.
You feel agile all of a sudden.
* * * LOW HITPOINT WARNING * * *
You feel sick. The scorpion misses you.
Drink which item? (? for menu, Esc to quit)
Okay, then.
You aren't carrying any items that can be evoked.
Unknown command.
You hit the scorpion.
You claw the scorpion, but do no damage.
The scorpion is almost dead.
You die...

. . . #.#.... ,
..%..... , ,, ,
,#...... # # * *
,#......##.# .. , *
#.......#.#.# , , ,
#..., ...... . * ,
..###.#..####.#.#.....
* *
#...)...@s..†.........
#####.#..#..#.#.#..#.#
* #..#..#.# #
,#..#<.#.# #..#..#.#,
, #..#.##.# *
#..#....# ######### ,
, ,


You could see a scorpion.

Vanquished Creatures
  2 gnolls (D:3)
  3 river rats (D:3)
  4 adders (D:2)
  A giant mite (D:3)
  5 worms
  3 giant geckos
  2 oozes
  7 orcs
  A ball python (D:1)
  14 bats
  5 giant cockroaches
  5 goblins
  2 hobgoblins
  A quokka (D:3)
  3 jackals (D:3)
  7 kobolds
  10 rats
75 creatures vanquished.

Vanquished Creatures (others)
  A plant (D:3)
1 creature vanquished.

Grand Total: 76 creatures vanquished

Notes
Turn   | Place    | Note
--------------------------------------------------------------
     0 | D:1      | Impoz, the Demonspawn Wanderer, began the quest for the Orb.
     0 | D:1      | Impoz set off with: a +2 leather armour, a +0 falchion, a potion of curing, a bread ration
     0 | D:1      | Reached XP level 1. HP: 19/19 MP: 1/1
   289 | D:1      | Gained mutation: You can steal the life force of nearby defeated enemies. [demonic ancestry]
   289 | D:1      | Reached XP level 2. HP: 14/25 MP: 2/2
   663 | D:2      | Reached XP level 3. HP: 22/31 MP: 3/3
  1129 | D:2      | Reached XP level 4. HP: 4/38 MP: 4/4
  1506 | D:2      | Found a sacrificial altar of Ru.
  1927 | D:3      | Reached skill level 5 in Fighting
  2029 | D:3      | Found an opulent altar of Gozag.
  2043 | D:3      | Gained mutation: You have sharp toenails. [demonic ancestry]
  2043 | D:3      | Reached XP level 5. HP: 30/44 MP: 5/5
  2247 | D:3      | Found a blossoming altar of Fedhas.
  2416 | D:3      | Found a sparkling altar of Nemelex Xobeh.
  2668 | D:3      | Found a shimmering altar of Xom.
  2950 | D:4      | Gained mutation: You passively map a small area around you. [potion of mutation]
  2950 | D:4      | Gained mutation: You are resistant to hostile enchantments. [potion of mutation]
  2950 | D:4      | Gained mutation: Your magical capacity is low (-10% MP). [potion of mutation]
  2952 | D:4      | HP: 1/44 [poison (a potion of poison)]
  2953 | D:4      | Succumbed to poison (a potion of poison)

Action                   |  1- 3 |  4- 6 || total
-------------------------+-------+-------++-------
Melee: Falchion          |   120 |   320 ||   440
  Use: Potion            |     1 |     6 ||     7
       Scroll            |       |     2 ||     2
  Eat: Chunk             |       |     6 ||     6
